 Dungeon Crawl Stone Soup version 0.31.0-9-g3a7656b989 (webtiles) character file.

Game seed: 10822612876757916499

44 qw the Shooter (level 3, -1/18 HPs)
             Began as a Spriggan Hunter on Feb 2, 2024.
             Slain by a goblin
             ... wielding a +0 dagger
             ... led by Robin
              (2 damage)
             ... on level 2 of the Dungeon.
             The game lasted 00:00:02 (591 turns).

qw the Shooter (Spriggan Hunter)                     Turns: 591, Time: 00:00:03

Health: -1/18      AC:  2    Str:  7    XL:     3   Next: 41%
Magic:  4/4        EV: 19    Int: 10    God:
Gold:   55         SH:  0    Dex: 20    Spells: 2/2 levels left

rFire   . . .        a - +0 shortbow
rCold   . . .        (shield currently unavailable)
rNeg    . . .        c - +0 robe
rPois   .            (helmet restricted)
rElec   .            (no cloak)
rCorr   .            (gloves unavailable)
SInv    +            (boots unavailable)
Will    .....        (no amulet)
Stlth   ++           (no ring)
HPRegen 0.23/turn    (no ring)
MPRegen 0.09/turn

%: no passive effects
@: very quick
A: very small, no large weapons, unfitting armour, see invisible, speed 3
a: no special abilities


You were on level 2 of the Dungeon.
You visited 1 branch of the dungeon, and saw 2 of its levels.

You collected 55 gold pieces.


Innate Abilities, Weirdness & Mutations

You are very small and have problems with some larger weapons.
You are too small for most types of armour.
You have supernaturally acute eyesight. (SInv)
You cover ground extremely quickly. (Speed+++)


   Skills:
 - Level 1.5 Fighting
 + Level 4.7 Ranged Weapons
 - Level 4.0 Dodging
 - Level 1.5 Stealth


You had 2 spell levels left.
You didn't know any spells.
Your spell library was empty.

Inventory:

Hand Weapons
 a - a +0 shortbow (weapon)
Armour
 c - a +0 robe (worn)

Dungeon Overview and Level Annotations

Branches:
Dungeon (2/15)

Altars:

Shops:
D:1 (

Annotations:
D:2 Robin


Message History

The goblin misses you. x2
You shoot an arrow. The arrow completely misses the goblin.
The arrow hits Robin.
Robin is lightly wounded.
The goblin completely misses you. Robin throws the goblin at you!
You shoot an arrow. The arrow hits the goblin.
The goblin is severely wounded.
The goblin misses you. The goblin hits you with a +0 dagger.
The goblin completely misses you.
You shoot an arrow. The arrow misses the goblin.
The goblin hits you but does no damage. The goblin barely misses you.
You shoot an arrow. The arrow hits the goblin!
You kill the goblin!
The goblin barely misses you. The goblin hits you with a +0 dagger.
You shoot an arrow. The arrow hits Robin.
Robin is lightly wounded.
The goblin hits you with a +0 club. The goblin hits you but does no damage.
You shoot an arrow. The arrow hits Robin.
Robin is moderately wounded.
The goblin no longer looks unusually strong.
The goblin barely misses you. x2; The goblin hits you with a +0 dagger.
The goblin misses you.
You shoot an arrow.
The arrow hits Robin but does no damage.
Robin is moderately wounded.
The goblin no longer looks unusually strong.
The goblin completely misses you. The goblin misses you.
You shoot an arrow. The arrow hits Robin.
Robin is heavily wounded.
The goblin no longer looks unusually strong.
The goblin completely misses you. The goblin closely misses you.
You shoot an arrow. The arrow hits Robin.
Robin is severely wounded.
The goblin closely misses you. The goblin misses you.
You shoot an arrow.
The arrow hits Robin but does no damage.
Robin is severely wounded.
The goblin completely misses you. Robin hits you with a +0 short sword.
The goblin hits you with a +0 dagger.
You die...

#.#......#
#.########
#.# #.#
#.# #.#
#.# #g#
#@#
#gg..)...
#gg....).
#.....)..
..#######
..# #.#
...


You could see Robin, a hobgoblin (strong) and 3 goblins.

Vanquished Creatures
  2 dart slugs (D:1)
  2 bats (D:1)
  2 endoplasms (D:1)
  A giant cockroach (D:1)
  8 goblins
  7 hobgoblins
  3 quokkas
  3 ball pythons (D:1)
  3 frilled lizards (D:1)
  2 kobolds (D:1)
  4 rats (D:1)
37 creatures vanquished.

Notes
Turn   | Place    | Note
-------+----------+-------------------------------------------
     0 | D:1      | qw the Spriggan Hunter began the quest for the Orb.
     0 | D:1      | Reached XP level 1. HP: 10/10 MP: 2/2
     0 | D:1      | 0 ||| qw: Version: 0.3-a-155-g5e7d8dd
     0 | D:1      | 0 ||| qw: Game counter: 1246
     0 | D:1      | 0 ||| qw: Melee chars always use a shield: true
     0 | D:1      | 0 ||| qw: God list: Okawaru
     0 | D:1      | 0 ||| qw: Allow faded altars: false
     0 | D:1      | 0 ||| qw: Do Orc after clearing Dungeon:15 true
     0 | D:1      | 0 ||| qw: Do second Lair branch before Depths: true
     0 | D:1      | 0 ||| qw: Lair rune preference: random
     0 | D:1      | 0 ||| qw: Goals: Normal
     0 | D:1      | 0 ||| PLANNING D:1-11
    25 | D:1      | Reached skill level 3 in Dodging
    73 | D:1      | 73 ||| DROPPING scroll of butterflies.
   120 | D:1      | Reached XP level 2. HP: 14/14 MP: 3/3
   205 | D:1      | Found Baiwap's Antique Weapon Shop.
   443 | D:1      | Reached XP level 3. HP: 18/18 MP: 4/4
   497 | D:1      | 497 ||| READING scroll labelled PAKKIKHLOASM.
   498 | D:1      | 498 ||| READING scroll labelled NUWOMUC LUHO.
   498 | D:1      | 498 ||| IDENTIFYING scroll labelled KOCZEL WOABUG
   499 | D:1      | 499 ||| READING scroll labelled VIF NANAMAU.
   500 | D:1      | 500 ||| READING scroll labelled AZESIZ OX ONY.
   503 | D:1      | 503 ||| DROPPING scroll of fear.
   575 | D:2      | Noticed Robin
   587 | D:2      | HP: 4/18 [goblin/+0 dagger[Robin] (2)]
   591 | D:2      | HP: 1/18 [Robin/+0 short sword (4)]
   591 | D:2      | Slain by a goblin

Levels and vault maps discovered:
D:1:      saegor_arrival_miasma, layout_rooms, serial_shops,
          nicolae_shop_temple_entry_statues_fountains, serial_park_tiny_2,
          hangedman_glass_teeth
D:2:      layout_basic, serial_corexii_hall, corexii_hall_statues_l,
          corexii_hall_statues_i, chequers_hall_statues_y,
          chequers_hall_statues_wall_a, uniq_robin

Skill      XL: |  1  2 |
---------------+-------+-----
Dodging        | 3 4 |  4.0
Fighting       | |  1.5
Ranged Weapons | |  4.7
Stealth        | |  1.5

Action                     || total
---------------------------++-------
   Fire: Shortbow          ||    95
    Use: Scroll            ||     4
 Armour: Robe              ||    14
  Dodge: Dodged            ||    34

Table legend:
 A = Non-vault XP
 B = Vault XP
 C = Vault XP percentage of total XP
 D = Non-vault monster count
 E = Vault monster count
 F = Vault count percentage of total count
                 A         B        C        D         E       F
            +---------+---------+-------+---------+---------+-------
      Total |      52 |      12 |  18.8 |      30 |       7 |  18.9
            +---------+---------+-------+---------+---------+-------
        D:1 |      48 |       0 |   0.0 |      28 |       0 |   0.0
        D:2 |       4 |      12 |  75.0 |       2 |       7 |  77.8
            +---------+---------+-------+---------+---------+-------
